 Dungeon Crawl Stone Soup version 0.30-a0-1160-g6e42c06551 (webtiles) character file.

Game seed: 3678751786365496202

21 BigDaddyOpFi the Trooper (level 2, -2/27 HPs)
             Began as a Hill Orc Fighter on Apr 25, 2023.
             Slain by Sigmund
             ... wielding a +0 scythe
              (5 damage)
             ... on level 2 of the Dungeon.
             The game lasted 00:00:41 (830 turns).

BigDaddyOpFi the Trooper (Hill Orc Fighter)          Turns: 830, Time: 00:00:42

Health: -2/27      AC:  6    Str: 18    XL:     2   Next: 87%
Magic:  2/2        EV:  9    Int:  8    God:
Gold:   142        SH:  0    Dex: 10    Spells: 1/1 levels left

rFire   . . .        a - +0 war axe
rCold   . . .        c - +0 buckler
rNeg    . . .        b - +0 scale mail
rPois   .            (no helmet)
rElec   .            (no cloak)
rCorr   .            (no gloves)
SInv    .            (no boots)
Will    .....        (no amulet) Stlth
                     e - ring of flight
HPRegen 0.24/turn    (no ring)
MPRegen 0.08/turn

%: no passive effects
@: confused, mighty, flying
A: no striking features
a: no special abilities


You were on level 2 of the Dungeon.
You visited 1 branch of the dungeon, and saw 2 of its levels.

You collected 142 gold pieces.

Inventory:

Hand Weapons
 a - a +0 war axe (weapon)
Armour
 b - a +0 scale mail (worn)
 c - a +0 buckler (worn)
Jewellery
 e - a ring of flight (left hand)
 n - a ring of magical power
Scrolls
 f - a scroll of vulnerability {unknown}
 i - a scroll of enchant weapon {unknown}
 k - a scroll of identify {unknown}
 m - a scroll of magic mapping {unknown}
 s - a scroll of brand weapon {unknown}
Potions
 g - a potion of degeneration {unknown}
 h - a potion of mutation {unknown}
 j - a potion of lignification {unknown}
 l - a potion of cancellation {unknown}
 o - a potion of curing {unknown}
 p - a potion of ambrosia {unknown}
 q - a potion of heal wounds {unknown}
 r - a potion of haste {unknown}


   Skills:
 + Level 3.9 Fighting
 + Level 3.2 Axes
 + Level 3.6 Armour
 + Level 3.5 Shields


You had one spell level left.
You didn't know any spells.
Your spell library was empty.

Dungeon Overview and Level Annotations

Branches:
Dungeon (2/15)

Altars:

Annotations:
D:2 Sigmund


Message History

A ball python comes into view.
The ball python hisses angrily.
You slash the ball python!
You kill the ball python!
No target in view!
Found 2 poisoned darts.
You see here a ball python corpse.
No target in view!
You see here a ball python corpse.
Sigmund the Dreaded comes into view.
He is wielding a +0 scythe.
Found a stone staircase leading down.
Sigmund shouts!
Sigmund is nearby!
Found a leather armour.
Sigmund casts a spell at you. The puff of flame hits you!
Sigmund is nearby!
You barely miss Sigmund. You block Sigmund's attack.
You slash Sigmund!
Sigmund is heavily wounded.
You block Sigmund's attack.
You closely miss Sigmund.
Sigmund is heavily wounded.
You block Sigmund's attack.
You slash Sigmund!
Sigmund is severely wounded.
Sigmund points at you and mumbles some strange words.
You are confused.
You feel very mighty all of a sudden. Sigmund gestures at you while chanting.
The magic dart hits you.
You miss Sigmund.
Sigmund is severely wounded.
Sigmund gestures wildly while chanting.
Sigmund flickers and vanishes!
Deactivating autopickup; reactivate with Ctrl-A.
You miss something. Something hits you!
* * * LOW HITPOINT WARNING * * *
Something hits you.
You die...

..# ..# #.......[. ..#
#......... ..#
#......... ######
......... #....##
.........
..##..##########........
........................
#####.#########.@.......
#..# #{........ ##.#
#......... #.#
#......... #.#
#.........
#.#########.....>..
#<.......###......#
..####.....(.# ##...##
#..###.......#


There were no monsters in sight!

Vanquished Creatures
  A worm (D:2)
  2 endoplasms (D:2)
  3 hobgoblins (D:1)
  A quokka (D:1)
  3 ball pythons
  3 frilled lizards
  A goblin (D:1)
  3 kobolds
  A rat (D:1)
18 creatures vanquished.

Notes
Turn   | Place    | Note
-------+----------+-------------------------------------------
     0 | D:1      | BigDaddyOpFi the Hill Orc Fighter began the quest for the
                  | Orb.
     0 | D:1      | Reached XP level 1. HP: 19/19 MP: 1/1
    80 | D:1      | Reached XP level 2. HP: 23/27 MP: 2/2
   468 | D:1      | Found a faded altar of an unknown god.
   821 | D:2      | Noticed Sigmund
   830 | D:2      | Slain by Sigmund

Illustrated notes

Levels and vault maps discovered:
D:1:      enne_arrival_octagon_isle, layout_loops_ring,
          ebering_ecumenical_altar_webs
D:2:      layout_rooms, serial_shops, shop, basic_altar, grunt_ministairs_15,
          uniq_sigmund, uniq_natasha

Skill      XL: |  1 |
---------------+----+-----
Axes           | 3 |  3.2
Fighting       | |  3.9
Armour         | |  3.6
Shields        | |  3.5

Action                     || total
---------------------------++-------
  Melee: War axe           ||    52
    Use: Potion            ||     1
 Armour: Scale mail        ||    24
  Dodge: Dodged            ||    19
  Block: Buckler           ||    16

Table legend: (Time is in decaauts)
 A = Elapsed time spent in this place.
 B = Non-inter-level travel time spent in this place.
 C = Inter-level travel time spent in this place.
 D = Time resting spent in this place.
 E = Time spent auto-exploring this place.
 F = Levels seen in this place.
 G = Mean time per level.
                   A        B        C        D        E       F      G
               +--------+--------+--------+--------+--------+-----+--------+
         Total |    849 |    818 |     31 |      0 |    662 |   2 |  424.5 |
       Dungeon |    849 |    818 |     31 |      0 |    662 |   2 |  424.5 |
               +--------+--------+--------+--------+--------+-----+--------+

Top non-repeatable levels by time:
     D:1: 662 daAuts
     D:2: 187 daAuts
